Map: Blackburn EE

Players

MaxPax - Winner!

  • Race: Protoss Protoss

Cham

  • Race: Zerg Zerg
  • League: Master

Event: DreamHack SC2 Masters Last Chance 2022

VOD

Have the link to the VOD?

Description

Time

  • Played on: Dec. 19, 2021, 6:18 p.m.
  • Length: 10:43

All games in this series

Show
View Real Time Build Order
Export as new Build Order

MaxPax Protoss - Winner!

Build Orders: 1 Gate Expand, Oracle Opening 

Get SALT Encoding   

  12  0:00  Probe  
  13  0:12  Probe  
  14  0:19  Pylon  
  14  0:24  Probe  
  15  0:37  Probe (Chrono Boost)  
  15  0:40  Gateway  
  17  0:50  Assimilator, Probe (Chrono Boost)  
  17  0:55  Probe (Chrono Boost)  
  18  1:04  Probe  
  19  1:16  Probe  
  20  1:29  Nexus  
  20  1:39  Cybernetics Core  
  20  1:42  Probe  
  21  1:47  Assimilator  
  21  1:54  Probe  
  21  1:58  Pylon  
  22  2:06  Probe (Chrono Boost)  
  23  2:16  Adept  
  23  2:19  Probe (Chrono Boost)  
  23  2:21  Stargate  
  26  2:25  Probe (Chrono Boost)  
  27  2:30  Warp Gate  
  27  2:36  Probe (Chrono Boost)  
  28  2:41  Probe (Chrono Boost)  
  29  2:46  Adept  
  29  2:50  Probe x2 (Chrono Boost)  
  33  2:55  Probe (Chrono Boost)  
  33  2:56  Void Ray (Chrono Boost)  
  33  2:58  Probe  
  39  3:07  Probe  
  39  3:10  Probe  
  41  3:21  Probe  
  41  3:22  Pylon  
  41  3:24  Probe  
  41  3:26  Gateway  
  43  3:29  Oracle (Chrono Boost)  
  46  3:40  Probe x2  
  48  3:50  Nexus  
  48  3:53  Probe  
  48  3:54  Pylon  
  49  3:57  Probe  
  50  4:04  Assimilator  
  50  4:05  Probe  
  50  4:08  Assimilator  
  50  4:09  Probe  
  52  4:17  Probe  
  52  4:21  Probe  
  54  4:29  Probe  
  54  4:30  Protoss Air Weapons Level 1, Stargate  
  55  4:32  Forge  
  55  4:33  Probe, Shield Battery  
  56  4:38  Void Ray (Chrono Boost)  
  56  4:41  Zealot, Probe  
  56  4:44  Pylon  
  60  4:45  Probe  
  62  4:54  Shield Battery  
  62  5:02  Probe x2 (Chrono Boost)  
  62  5:06  Probe (Chrono Boost)  
  65  5:08  Void Ray  
  65  5:09  Void Ray, Pylon  
  65  5:14  Probe x2 (Chrono Boost)  
  67  5:15  Probe (Chrono Boost)  
  67  5:18  Probe x2 (Chrono Boost)  
  67  5:21  Probe (Chrono Boost)  
  78  5:22  Pylon  
  80  5:28  Probe  
  80  5:29  Probe  
  80  5:32  Robotics Facility  
  80  5:33  Probe  
  82  5:40  Probe  
  82  5:41  Probe  
  84  5:45  Probe  
  85  5:52  Probe  
  85  5:53  Assimilator, Probe  
  85  5:54  Adept x2, Pylon  
  85  5:55  Assimilator  
  92  5:58  Photon Cannon  
  92  6:04  Void Ray, Probe  
  92  6:06  Fleet Beacon  
  92  6:07  Void Ray, Probe  
  97  6:13  Pylon  
  101  6:23  Robotics Bay  
  101  6:28  Photon Cannon, Pylon  
  101  6:34  Observer  
  102  6:41  Photon Cannon  
  102  6:42  Shield Battery  
  102  6:49  Pylon  
  102  6:51  Photon Cannon  
  102  6:53  Carrier (Chrono Boost)  
  102  6:55  Carrier (Chrono Boost)  
  114  7:10  Nexus  
  114  7:11  Photon Cannon  
  114  7:13  Pylon  
  114  7:20  Protoss Ground Weapons Level 1  
  114  7:22  Twilight Council  
  112  7:24  Gateway, Disruptor (Chrono Boost)  
  112  7:28  Pylon  
  112  7:32  Adept x2, Pylon  
  115  7:37  Photon Cannon  
  115  7:43  Probe x2  
  117  7:47  Photon Cannon, Carrier (Chrono Boost)  
  123  7:55  Probe x2  
  123  7:56  Probe  
  123  7:58  Photon Cannon, Disruptor (Chrono Boost)  
  126  7:59  Shield Battery  
  129  8:07  Probe  
  129  8:11  Tempest (Chrono Boost)  
  135  8:13  Gateway, Sentry  
  135  8:14  Sentry  
  139  8:25  Disruptor (Chrono Boost)  
  135  8:33  Photon Cannon  
  138  8:36  Pylon  
  138  8:46  Zealot x2  
  138  8:48  Carrier (Chrono Boost)  
  136  9:08  Stalker x2  
  136  9:09  Stalker x2  
  142  9:12  Probe x3  
  130  9:23  Probe  
  122  9:26  Carrier (Chrono Boost)  
  122  9:27  Probe x3  
  131  9:34  Pylon  
  131  9:35  Photon Cannon, Probe  
  131  9:36  Observer  
  133  9:39  Probe x3  
  133  9:40  Zealot x4  
  140  9:47  Probe  
  140  9:49  Pylon  
  140  9:51  Probe  
  141  10:06  Probe  
  141  10:08  Probe x2  
  141  10:09  Probe  
  130  10:18  Zealot x2, Probe  
  130  10:20  Probe  
  136  10:27  Zealot  
  139  10:28  Zealot  
Show
View Real Time Build Order
Export as new Build Order

Cham Zerg 

Build Orders: Hatch First 

Get SALT Encoding   

  12  0:06  Drone  
  13  0:13  Overlord  
  14  0:21  Drone  
  14  0:32  Drone x2  
  16  0:46  Drone  
  17  0:54  Hatchery  
  17  0:57  Drone  
  17  1:01  Drone  
  18  1:14  Spawning Pool  
  18  1:15  Extractor  
  16  1:19  Drone  
  16  1:21  Drone  
  18  1:36  Drone  
  19  1:43  Drone  
  20  1:55  Drone  
  21  2:05  Hatchery, Queen  
  22  2:12  Queen  
  24  2:19  Drone  
  24  2:22  Overlord  
  25  2:27  Drone  
  25  2:28  Drone  
  27  2:33  Metabolic Boost  
  27  2:38  Drone  
  28  2:44  Queen  
  28  2:47  Drone  
  31  2:51  Overlord  
  31  2:53  Zergling x2  
  31  2:55  Zergling x2  
  33  3:00  Drone  
  34  3:07  Queen  
  36  3:16  Drone  
  36  3:18  Drone x2  
  39  3:21  Drone x5  
  39  3:25  Drone x2  
  46  3:33  Overlord  
  46  3:36  Drone  
  46  3:37  Overlord  
  47  3:50  Spore Crawler  
  47  3:51  Queen  
  47  3:55  Spore Crawler  
  47  3:56  Spore Crawler  
  47  3:57  Drone  
  47  3:58  Drone, Zergling x4  
  47  3:59  Zergling x4  
  47  4:01  Drone  
  53  4:03  Drone  
  53  4:04  Drone  
  53  4:07  Overlord  
  53  4:08  Drone  
  56  4:16  Drone x2  
  58  4:20  Drone  
  58  4:23  Spore Crawler  
  56  4:24  Drone x2  
  56  4:28  Drone  
  56  4:29  Drone  
  56  4:30  Drone, Overlord  
  62  4:32  Overlord  
  62  4:34  Overlord  
  62  4:37  Lair, Extractor  
  61  4:44  Drone x2  
  61  4:45  Drone  
  62  4:46  Drone  
  62  4:49  Drone x5  
  67  4:53  Extractor x2  
  67  4:55  Drone  
  67  4:56  Drone  
  67  4:57  Baneling Nest  
  66  5:00  Drone x2  
  66  5:03  Drone  
  66  5:04  Drone  
  70  5:08  Baneling Nest  
  70  5:09  Drone x3, Extractor  
  70  5:10  Extractor  
  70  5:14  Overlord  
  70  5:19  Drone  
  70  5:20  Drone x2  
  70  5:21  Drone  
  74  5:22  Drone  
  74  5:24  Drone x2  
  77  5:29  Zergling x4  
  77  5:35  Hydralisk Den  
  78  5:39  Hatchery  
  77  5:44  Zergling x2  
  77  5:45  Zergling x8  
  77  5:46  Centrifugal Hooks  
  77  5:48  Drone  
  83  5:50  Drone x2  
  83  5:51  Drone  
  86  5:57  Overlord  
  86  6:05  Hydralisk, Grooved Spines  
  86  6:07  Hydralisk x3  
  94  6:12  Hydralisk  
  94  6:13  Hydralisk  
  94  6:15  Overlord  
  98  6:20  Hydralisk x2  
  98  6:24  Drone x3  
  105  6:27  Hydralisk  
  105  6:33  Hydralisk x3  
  105  6:37  Drone x2  
  105  6:38  Drone  
  114  6:40  Overlord  
  114  6:53  Hydralisk x4  
  118  6:58  Spore Crawler  
  117  7:02  Hydralisk x5  
  127  7:14  Zergling x2  
  127  7:15  Zergling x2  
  128  7:16  Muscular Augments, Overlord  
  128  7:17  Overlord x5  
  128  7:21  Drone  
  128  7:22  Evolution Chamber  
  127  7:31  Overlord  
  127  7:36  Hydralisk  
  127  7:37  Hydralisk x8  
  127  7:38  Zergling x2  
  127  7:40  Zergling x4  
  147  7:46  Zergling x4  
  149  7:56  Zergling x18  
  157  7:59  Zergling x4  
  157  8:00  Zergling x4  
  157  8:01  Queen  
  157  8:02  Queen  
  157  8:03  Zerg Melee Weapons Level 1  
  165  8:06  Baneling x5  
  165  8:07  Baneling  
  165  8:09  Zergling x10  
  168  8:19  Zergling x10  
  172  8:24  Baneling  
  172  8:25  Baneling x7  
  172  8:26  Baneling x2  
  171  8:27  Baneling x2, Zergling x2  
  171  8:28  Zergling x10  
  171  8:31  Baneling  
  171  8:32  Baneling x6  
  177  8:36  Baneling x7  
  176  8:53  Hydralisk x9  
  158  9:05  Hydralisk x6  
  159  9:15  Hydralisk x4  
  141  9:19  Hydralisk  
  141  9:22  Hydralisk  
  139  9:25  Hydralisk  
  139  9:26  Hydralisk  
  139  9:35  Infestation Pit  
  139  9:37  Drone x3  
  141  9:41  Zergling x10  
  141  9:45  Hatchery  
  145  9:48  Zergling x4  
  145  9:56  Hydralisk x2  
  137  10:03  Hydralisk x6  
  121  10:08  Hydralisk  
  121  10:10  Hydralisk x2  
  121  10:11  Hydralisk  
  110  10:17  Hydralisk  
  112  10:27  Baneling x2  

Tags
 
Add a new tag
Caveats
  • Supply blocks, unpowered buildings, or Contaminate may cause inaccurate times.
  • Supply counts are checked every 10 seconds.